 Dungeon Crawl Stone Soup version 0.20-a0-277-g7db01f4 (webtiles) character file.

6044 tsouns the Frost Mage (level 10, -12/65 HPs)
             Began as a Demonspawn Wanderer on Dec 12, 2016.
             Was an Elder of Makhleb.
             Killed from afar by a wizard (19 damage)
             ... with a bolt of cold
             ... on level 9 of the Dungeon.
             The game lasted 00:34:17 (8204 turns).

tsouns the Frost Mage (Demonspawn Wanderer)         Turns: 8204, Time: 00:34:18

Health: -12/65     AC:  8    Str: 10    XL:     10   Next: 57%
Magic:  10/22      EV: 17    Int: 18    God:    Makhleb [****..]
Gold:   238        SH:  0    Dex: 19    Spells: 9/25 levels left

rFire  . . .     SeeInvis +     P - +3 whip (elec)
rCold  . . .     Gourm    .     N - +2 robe {rN+}
rNeg   + . .     Faith    .     (no shield)
rPois  .         Spirit   .     c - +0 helmet
rElec  .         Reflect  .     (no cloak)
rCorr  .         Harm     .     (no gloves)
MR     .....                    D - +0 pair of boots
Stlth  +++.......               u - amulet of magic regeneration
                                (no ring)
                                j - ring of see invisible

@: agile, about to teleport, very slightly contaminated
A: yellow scales 1, powered by pain 1, spiny 1
a: Minor Destruction, Lesser Servant of Makhleb, Major Destruction, Renounce
Religion


You were on level 9 of the Dungeon.
You worshipped Makhleb.
Makhleb was greatly pleased with you.
You were not hungry.

You visited 1 branch of the dungeon, and saw 9 of its levels.

You collected 677 gold pieces.
You spent 439 gold pieces at shops.

Inventory:

Hand Weapons
 d - a +0 blowgun
 w - a +1 falchion
 C - a +4 long sword
 P - a +3 whip of electrocution (weapon)
Missiles
 h - 330 stones (quivered)
 F - 30 poisoned needles
 G - 2 curare-tipped needles
 I - 5 tomahawks
Armour
 c - a +0 helmet (worn)
 D - a +0 pair of boots (worn)
 N - a +2 robe of positive energy (worn)
Magical Staves
 E - an uncursed staff of summoning
Jewellery
 j - a ring of see invisible (left hand)
 u - an amulet of magic regeneration (around neck)
Wands
 g - a wand of digging (14/24)
 A - a wand of iceblast (7/15)
 K - a wand of flame (17/48)
 O - a wand of teleportation (1/9)
Scrolls
 k - 2 scrolls of amnesia
 v - 3 scrolls of teleportation
 y - a scroll of recharging
Potions
 l - a potion of curing
 m - 2 potions of mutation
 n - a potion of cancellation
 o - 2 potions of agility
 q - 4 potions of lignification
 r - 2 potions of brilliance
 x - 2 potions of resistance
 z - a potion of might
 B - a potion of beneficial mutation {unknown}
 M - a potion of ambrosia {unknown}
Books
 a - a book of Frost

   Spells                             Type                      Level
   a - Freeze                         Ice                          1
   b - Throw Frost                    Conjuration/Ice              2
   c - Ozocubu's Armour               Charms/Ice                   3
   d - Throw Icicle                   Conjuration/Ice              4
   e - Summon Ice Beast               Ice/Summoning                4
 b - the Disquisition on Clay

   Spells                             Type                      Level
   a - Sandblast                      Earth                        1
   b - Stone Arrow                    Conjuration/Earth            3
 e - a book of Conjurations

   Spells                             Type                      Level
   a - Magic Dart                     Conjuration                  1
   b - Searing Ray                    Conjuration                  2
   c - Dazzling Spray                 Conjuration/Hexes            3
   d - Fulminant Prism                Conjuration/Hexes            4
   e - Iskenderun's Mystic Blast      Conjuration                  4
   f - Iskenderun's Battlesphere      Conjuration/Charms           5
Comestibles
 f - 13 bread rations
 i - 4 chunks of flesh
 p - 6 meat rations
 H - a beef jerky
 L - 4 fruits


   Skills:
 - Level 1.0 Fighting
 + Level 4.0 Maces & Flails
 - Level 1.7 Throwing
 - Level 1.0 Dodging
 - Level 1.0 Unarmed Combat
 + Level 8.3 Spellcasting
 + Level 5.6 Conjurations
 - Level 5.7 Summonings
 + Level 8.6 Ice Magic
 - Level 2.6 Earth Magic


You had 9 spell levels left.
You knew the following spells:

 Your Spells              Type           Power        Failure   Level  Hunger
a - Freeze                Ice            ####         1%          1    None
b - Summon Ice Beast      Ice/Summ       ####....     6%          4    ###....
c - Throw Icicle          Conj/Ice       ####....     6%          4    ###....
d - Sandblast             Erth           ###...       3%          1    None
e - Stone Arrow           Conj/Erth      ###...       6%          3    None
f - Ozocubu's Armour      Chrm/Ice       ###.....     6%          3    None


Dungeon Overview and Level Annotations

Branches:
Dungeon (9/15)             Temple (0/1) D:7             Orc (0/2) D:9
   Lair: D:8-11

Altars:
Makhleb
Okawaru
Qazlal
Ru
Trog
Uskayaw
Vehumet

Shops:
D:7 [?**


Innate Abilities, Weirdness & Mutations

You are partially covered in yellow scales. (AC +2)
You sometimes gain a little power by taking damage.
You are partially covered in sharp spines.


Message History

A hill giant comes into view. It is wielding a giant spiked club.
Unknown command.
The unseen horror closely misses your ice beast.
Something hits your ice beast but does no damage.
The unseen horror hits your ice beast! x2; Something hits your ice beast.
Your ice beast hits the troll.
Your ice beast freezes the troll!
The troll dies!
Makhleb accepts your kill.
Your Maces & Flails skill increases to level 4!
The hill giant throws a throwing net.
The throwing net completely misses you.
As you read the scroll of teleportation, it crumbles to dust.
You feel strangely unstable. The unseen horror hits you!
* * * LOW HITPOINT WARNING * * *
As you read the scroll of fear, it crumbles to dust.
You assume a fearsome visage.
The hill giant looks frightened!
The unseen horror looks frightened!
The wizard shouts, "You are history!"
The wizard gestures at you while chanting.
The bolt of cold hits you!
You die...

###..# #.#
##..## #.#
##..# #.# #...#
#'# #..##
########.##
...#
#....##...#
...# #
##.#####.####
..##
#x##.##.##÷##.#
....#
#..C...@.(....#
#####
#[##p##.##.##.#
# #†#####.##.#
..$


#xYp# #...### #.# ##.## ##### #.# #.# ## ... ... .## #.# #.# ..# ##.## #.# You
could see a hill giant (fleeing), a wizard and an unseen horror (fleeing).

Vanquished Creatures
  Pikel (D:8)
  Joseph (D:8)
  Psyche (D:8)
  A troll (D:9)
  A hippogriff (D:9)
  A spriggan (D:7)
  A soldier ant (D:9)
  4 orc warriors
  An ice beast (D:8)
  A slave (D:8)
  A phantom (D:4)
  4 sky beasts
  5 ogres
  5 big kobolds
  6 bullfrogs
  A gnoll sergeant (D:9)
  3 scorpions
  A jelly (D:6)
  4 wights (D:6)
  2 howler monkeys
  2 crimson imps
  3 hounds
  A bullfrog skeleton (D:5)
  An orc priest (D:5)
  A quasit (D:9)
  6 orc wizards
  Jessica (D:3)
  3 iguanas
  4 worker ants
  A hound zombie (D:5)
  Robin (D:3)
  8 gnolls
  12 adders
  2 shadow imps
  4 oozes
  An adder skeleton (D:6)
  A dart slug (D:1)
  5 leopard geckos
  27 orcs
  9 giant cockroaches
  8 hobgoblins
  10 jackals
  14 kobolds
  3 quokkas (D:3)
  5 bats
  3 frilled lizards
  16 goblins
  2 leopard gecko skeletons
  8 rats
207 creatures vanquished.

Vanquished Creatures (collateral kills)
  A manticore (D:9)
  A troll (D:9)
  A hungry ghost (D:8)
  A vampire mosquito (D:9)
  An ice beast (D:6)
  4 orc warriors
  An ogre (D:9)
  A centaur (D:5)
  A big kobold (D:9)
  2 gnoll sergeants (D:9)
  4 gnolls
  3 orcs
21 creatures vanquished.

Vanquished Creatures (others)
  A slave (D:8)
  An orc priest (D:8)
  A worker ant (D:8)
  An orc (D:8)
4 creatures vanquished.

Grand Total: 232 creatures vanquished

Notes
Turn   | Place    | Note
-------+----------+-------------------------------------------
     0 | D:1      | tsouns the Demonspawn Wanderer began the quest for the Orb.
     0 | D:1      | tsouns set off with: a book of Frost, the Disquisition on Clay, 14 poisoned needles, a +0 blowgun, a +0 robe, a bread ration
     0 | D:1      | Reached XP level 1. HP: 15/15 MP: 3/3
     0 | D:1      | Identified the Disquisition on Clay
     2 | D:1      | Learned a level 1 spell: Freeze
   142 | D:1      | Gained mutation: You are partially covered in sharp spines. [demonic ancestry]
   142 | D:1      | Reached XP level 2. HP: 21/21 MP: 1/5
   565 | D:1      | Reached XP level 3. HP: 26/26 MP: 4/7
   875 | D:2      | Found a bloodstained altar of Trog.
  1117 | D:2      | Found an iron altar of Okawaru.
  1242 | D:2      | Found a radiant altar of Vehumet.
  1244 | D:2      | Found a sacrificial altar of Ru.
  1269 | D:2      | Found a burning altar of Makhleb.
  1550 | D:3      | Reached XP level 4. HP: 16/32 MP: 3/8
  1628 | D:3      | Learned a level 4 spell: Summon Ice Beast
  1633 | D:3      | Learned a level 4 spell: Throw Icicle
  2001 | D:3      | Noticed Robin
  2015 | D:3      | Killed Robin
  2015 | D:3      | Reached skill level 1 in Summonings
  2197 | D:3      | Found a hide-covered altar of Uskayaw.
  2340 | D:3      | Noticed Jessica
  2344 | D:3      | Killed Jessica
  2344 | D:3      | Reached XP level 5. HP: 37/37 MP: 7/10
  2555 | D:2      | Found a stormy altar of Qazlal.
  2571 | D:2      | Became a worshipper of Makhleb the Destroyer
  3058 | D:4      | Noticed a phantom
  3141 | D:4      | Noticed an ogre
  3150 | D:4      | Killed an ogre
  3150 | D:4      | Reached XP level 6. HP: 40/43 MP: 7/12
  3729 | D:5      | Entered Level 5 of the Dungeon
  3783 | D:5      | Reached skill level 5 in Ice Magic
  3783 | D:5      | Gained mutation: You sometimes gain a little power by taking damage. [demonic ancestry]
  3783 | D:5      | Reached XP level 7. HP: 48/48 MP: 13/13
  3882 | D:5      | Learned a level 1 spell: Sandblast
  3956 | D:5      | Reached * piety under Makhleb
  4112 | D:5      | Reached skill level 5 in Spellcasting
  4749 | D:6      | Reached XP level 8. HP: 41/54 MP: 13/16
  5061 | D:6      | Reached skill level 5 in Summonings
  5150 | D:6      | Reached ** piety under Makhleb
  5177 | D:6      | Found a radiant altar of Vehumet.
  5580 | D:7      | Found a staircase to the Ecumenical Temple.
  5641 | D:7      | Found Tolac's Antique Armour Emporium.
  5649 | D:7      | Bought a runed robe for 174 gold pieces
  5686 | D:7      | Learned a level 3 spell: Stone Arrow
  5736 | D:7      | Reached skill level 1 in Conjurations
  5767 | D:7      | Found Imuycoid's Assorted Antiques.
  5778 | D:7      | Bought a scroll of identify for 62 gold pieces
  5778 | D:7      | Bought a short iron wand for 124 gold pieces
  5778 | D:7      | Bought a scroll labeled ORCHEM PAGAO for 31 gold pieces
  5798 | D:7      | Reached skill level 1 in Earth Magic
  5894 | D:7      | Gained mutation: You are partially covered in yellow scales. (AC +2) [demonic ancestry]
  5894 | D:7      | Reached XP level 9. HP: 56/59 MP: 15/18
  5952 | D:7      | Found Caokhle's Magic Scroll Boutique.
  5962 | D:7      | Bought a scroll of identify for 24 gold pieces
  5962 | D:7      | Bought a scroll of identify for 24 gold pieces
  6070 | D:7      | Found Vicavoys's Assorted Antiques.
  6392 | D:8      | Noticed Pikel
  6417 | D:8      | Killed Pikel
  6437 | D:8      | Noticed Psyche
  6444 | D:8      | Killed Psyche
  6444 | D:8      | Reached skill level 1 in Maces & Flails
  6445 | D:8      | Reached *** piety under Makhleb
  6754 | D:8      | Noticed Joseph
  6951 | D:8      | Killed Joseph
  7146 | D:9      | Found a staircase to the Orcish Mines.
  7146 | D:9      | Noticed a troll
  7161 | D:9      | Reached XP level 10. HP: 65/65 MP: 12/21
  7601 | D:8      | Learned a level 3 spell: Ozocubu's Armour
  7675 | D:9      | Noticed a manticore
  7690 | D:9      | HP: 2/65 [manticore (6)]
  7694 | D:9      | Killed a manticore
  7694 | D:9      | Reached skill level 5 in Conjurations
  7943 | D:9      | Reached **** piety under Makhleb
  8186 | D:9      | Noticed an unseen horror
  8187 | D:9      | Noticed a wizard
  8200 | D:9      | Noticed a hill giant
  8204 | D:9      | Killed from afar by a wizard

Vault maps used:
D:1:      minmay_arrival_semitransparent
D:2:      nicolae_overflow_hidden_temple, bloody_trog, hangedman_decor_lopped
D:3:      lemuel_doored_altar, uniq_jessica, uniq_robin
D:4:      first_bread
D:5:      st_stairs_6, nicolae_sextant
D:6:      vehumet_altar_wand_db
D:7:      serial_shops, shop_fountains, kennysheep_mini_moat, shop,
          nicolae_shop_temple_entry_statues_fountains, the_bakery
D:8:      uniq_pikel, uniq_psyche, uniq_joseph
D:9:      hangedman_cross_veins, kennysheep_orc_monster_closet_entryway,
          uniq_prince_ribbit1

Skill      XL: |  1  2  3  4  5  6  7  8  9 10 |
---------------+-------------------------------+-----
Ice Magic      | 3 4 5 7 8 |  8.6
Spellcasting   | 3 4 5 6 7 8 |  8.3
Summonings     | 1 2 3 4 5 |  5.7
Conjurations   | 1 4 5 |  5.6
Earth Magic    | 1 2 |  2.6
Maces & Flails | 2 4 |  4.0
Fighting       | |  1.0
Throwing       | |  1.7
Dodging        | |  1.0
Unarmed Combat | |  1.0

Action                   |  1- 3 |  4- 6 |  7- 9 | 10-12 || total
-------------------------+-------+-------+-------+-------++-------
Melee: Falchion          |       |    13 |    37 |       ||    50
       Blowgun           |       |       |     1 |       ||     1
       Whip              |       |       |     7 |       ||     7
 Fire: Blowgun           |    41 |    43 |    16 |     7 ||   107
Throw: Stone             |       |     2 |       |       ||     2
 Cast: Freeze            |    50 |    69 |   142 |    79 ||   340
       Summon Ice Beast  |       |     2 |    19 |    11 ||    32
       Throw Icicle      |       |       |     3 |     3 ||     6
       Sandblast         |       |       |     9 |    14 ||    23
       Stone Arrow       |       |       |     2 |     1 ||     3
       Ozocubu's Armour  |       |       |       |     1 ||     1
Evoke: Wand              |       |       |     5 |       ||     5
  Use: Scroll            |       |       |    21 |     2 ||    23
       Potion            |       |       |       |     3 ||     3
 Stab: Distracted        |       |     1 |     1 |       ||     2
       Sleeping          |       |       |     1 |       ||     1
  Eat: Chunk             |     2 |     7 |    13 |       ||    22
       Pizza             |       |     2 |       |       ||     2
       Beef jerky        |       |       |       |     2 ||     2
       Royal jelly       |       |       |       |     1 ||     1
Armor: Robe              |     6 |     9 |    42 |    26 ||    83
Dodge: Dodged            |    29 |    40 |    85 |    49 ||   203
       Rpst.: Falchion   |       |     1 |    25 |       ||    26
